 Dungeon Crawl Stone Soup version 0.19.4-8-ga85b6b9 (webtiles) character file.

38257 Kosschaser the Carver (level 14, -1/115 HPs)
             Began as a Vine Stalker Fighter on Feb 11, 2017.
             Was the Champion of Okawaru.
             Slain by a death cob (4 damage)
             ... on level 6 of the Lair of Beasts.
             The game lasted 01:58:57 (12904 turns).

Kosschaser the Carver (Vine Stalker Fighter)       Turns: 12904, Time: 01:58:57

Health: -1/115     AC: 31    Str: 23    XL:     14   Next: 1%
Magic:  0/16       EV:  2    Int:  8    God:    Okawaru [******]
Gold:   754        SH:  0    Dex: 20    Spells: 0 memorised, 13 levels left

rFire  x . .     SeeInvis .     S - +2 long sword (flame)
rCold  + . .     Gourm    .     (armour currently unavailable)
rNeg   + + +     Faith    +     c - +5 shield
rPois  +         Spirit   +     (helmet currently unavailable)
rElec  .         Reflect  .     (cloak currently unavailable)
rCorr  .         Harm     .     (gloves currently unavailable)
MR     +....     Clarity  +     (boots currently unavailable)
Stlth  ++........ NoTele   +    E - amulet of faith
                                o - +4 ring of protection
                                j - ring of ice

@: confused, agile, tree-form, slowed, very slow
A: (fangs 0), clarity, sense surroundings 1, regeneration 3, magic shield,
(antimagic bite), no device heal 3, rot immunity
a: Heroism, Finesse, Renounce Religion


You were on level 6 of the Lair of Beasts.
You worshipped Okawaru.
Okawaru was exalted by your worship.
You were not hungry.
You were a tree.
You visited 3 branches of the dungeon, and saw 17 of its levels.

You collected 754 gold pieces.

Inventory:

Hand Weapons
 K - a +1 long sword of slicing
 S - a +2 long sword of flaming (weapon)
Armour
 c - a +5 shield (worn)
 p - a +0 helmet (melded)
 J - a +2 pair of gloves (melded)
 M - a +0 pair of boots of stealth (melded)
 W - the +6 chain mail of Darkness (melded) {rElec rCorr Int+2}
   (Okawaru gifted it to you on level 5 of the Lair of Beasts)

   It affects your intelligence (+2).
   It insulates you from electricity.
   It protects you from acid and corrosion.
Jewellery
 i - an uncursed ring of protection from magic
 j - a ring of ice (left branch)
 m - an uncursed ring of protection from magic
 o - a +4 ring of protection (right branch)
 s - an uncursed ring of positive energy
 E - an amulet of faith (around neck)
Wands
 t - a wand of acid (4/15)
 y - a wand of digging (11/24)
 A - a wand of slowing (18/48)
 C - a wand of lightning (6/15)
 G - a wand of flame (4/48)
 I - a wand of polymorph (0/24)
 N - a wand of flame (8/48)
 Q - a wand of random effects (13/48)
 Y - a wand of random effects (37/48)
 Z - a wand of acid (6/15)
Scrolls
 b - 2 scrolls of blinking
 d - a scroll of brand weapon {unknown}
 e - 4 scrolls of recharging
 l - 7 scrolls of teleportation
 r - 2 scrolls of amnesia
 u - 2 scrolls of noise {unknown}
 D - a scroll of summoning {unknown}
 L - 3 scrolls of remove curse
 O - 3 scrolls of magic mapping
 R - a scroll of vulnerability {unknown}
 U - a scroll of silence {unknown}
Potions
 a - a potion of cure mutation
 g - 7 potions of curing
 h - 2 potions of lignification
 k - 2 potions of brilliance
 n - a potion of ambrosia
 v - 4 potions of agility
 w - a potion of berserk rage
 x - a potion of magic {unknown}
 z - 3 potions of flight
 H - 2 potions of haste {unknown}
 P - a potion of cancellation {unknown}
 V - a potion of invisibility {unknown}
Comestibles
 f - 3 meat rations
 q - a royal jelly
 B - 4 slices of pizza
 F - 14 fruits
 T - a bread ration
 X - a beef jerky


   Skills:
 * Level 10.3 Fighting
 + Level 12.5 Long Blades
 + Level 8.8 Armour
 + Level 2.2 Dodging
 - Level 1.0 Stealth
 + Level 11.6 Shields
 + Level 1.9 Invocations


You had 13 spell levels left.
You didn't know any spells.

Dungeon Overview and Level Annotations

Branches:
Dungeon (10/15)            Temple (1/1) D:7            Lair (6/6) D:10
 Spider (0/4) Lair:2        Slime (0/5) Lair:6
  Swamp: Lair:2-4    Shoals: Lair:2-4       Orc: D:9-12

Altars:
Ashenzari
Cheibriados
Dithmenos
Elyvilon
Fedhas
Gozag
Hepliaklqana
Kikubaaqudgha
Makhleb
Nemelex Xobeh
Okawaru
Qazlal
Sif Muna
Trog
Uskayaw
Vehumet
Xom
Yredelemnul
Zin
The Shining One

Shops:
D:6 *   D:10 *

Annotations:
Lair:1 exclusion: 3 oklob plants
Lair:6 exclusion: oklob plant


Innate Abilities, Weirdness & Mutations

((You have razor-sharp teeth.))
You regenerate.
When hurt, damage is shared between your health and your magic reserves.
((Your bite disrupts and absorbs the magic of your enemies.))
Potions and wands cannot restore your health.
You are immune to rotting.
You possess an exceptional clarity of mind.
You passively map a small area around you.


Message History

You block the death cob's attack. The death cob hits you!
* * * LOW HITPOINT WARNING * * *
The death cob drains your vigour!
You feel as though you will be slow longer.
You block the death cob's attack.
You are confused.
Your system rejects the healing.
You feel invigorated.
The death cob hits you but does no damage. x3
The death cob hits you!
* * * LOW HITPOINT WARNING * * *
Unknown command.
You cannot move. (Use ctrl+direction to attack without moving.) You're too confused!
You cannot move. (Use ctrl+direction to attack without moving.)
You cannot move. (Use ctrl+direction to attack without moving.)
You miss the death cob.
The death cob is heavily damaged.
The death cob hits you but does no damage.
The death cob hits you!
You die...

.....................####
......................#####
............?.......####...
, ...................##
#..#. .............?.....#
#... ..................##
#.. ..................#
#####. ,,,
..........z.......####.<.##
,..........♣......##........
.................#.....⌠...
................##....#..#.
,
................#...####.##
,
...../.........#...##.#####
.............##.......†..##
......................[....
,
.............#⌠.....⌠†.⌠..⌠
, ................


You could see a death cob.

Vanquished Creatures
  Gastronok (Lair:3)
  5 hydras
  Harold (Lair:2)
  Erolcha (D:9)
  An unseen horror (Lair:6)
  2 hill giants
  An oklob plant (Lair:6)
  10 elephants
  5 black mambas
  7 spiny frogs
  4 rime drakes
  9 komodo dragons
  A troll (D:9)
  3 polar bears (Lair:5)
  12 blink frogs
  Prince Ribbit (D:6)
  7 hippogriffs
  3 wyverns
  Sigmund (D:6)
  30 yaks
  2 basilisks
  2 wraiths (D:7)
  Edmund (D:5)
  12 water moccasins
  Duvessa (D:6)
  11 porcupines
  2 black bears
  12 ice beasts
  4 orc warriors
  3 sky beasts
  2 ogres
  A phantom (D:9)
  4 wolves (Lair:2)
  13 crocodiles
  7 centaurs
  2 elf zombies (D:7)
  3 big kobolds
  5 bullfrogs
  Dowan (D:6)
  4 scorpions
  A wyvern skeleton (D:9)
  5 killer bees (D:7)
  A troll zombie (D:7)
  4 wights (D:9)
  6 crimson imps
  3 bullfrog zombies
  3 bullfrog skeletons
  5 hounds
  3 human zombies (D:7)
  3 orc priests
  A jelly (D:5)
  12 orc wizards
  An iguana (D:9)
  6 worker ants
  5 hell rats
  2 killer bee zombies
  A hound zombie (D:8)
  2 mummies (D:7)
  A hound skeleton (D:5)
  Robin (D:3)
  12 gnolls
  4 adders
  10 river rats (Lair:1)
  A shadow imp (D:7)
  An ooze (D:4)
  An adder zombie (D:9)
  4 adder skeletons
  4 worms
  2 dart slugs (D:3)
  6 leopard geckos
  28 orcs
  3 giant cockroaches
  20 goblins
  9 hobgoblins
  8 jackals
  16 kobolds
  8 quokkas
  2 ball pythons
  4 bats
  5 frilled lizards
  2 jackal skeletons
  An orc skeleton (D:7)
  An orc zombie (D:7)
  9 rats
  2 fungi
  A plant (Lair:5)
427 creatures vanquished.

Vanquished Creatures (others)
  3 fungi
  A plant (Lair:1)
4 creatures vanquished.

Grand Total: 431 creatures vanquished

Notes
Turn   | Place    | Note
-------+----------+-------------------------------------------
     0 | D:1      | Kosschaser the Vine Stalker Fighter began the quest for the Orb.
     0 | D:1      | Reached XP level 1. HP: 11/11 MP: 2/2
   179 | D:1      | Reached XP level 2. HP: 16/16 MP: 3/3
   216 | D:1      | Reached skill level 2 in Long Blades
   370 | D:1      | Reached XP level 3. HP: 18/19 MP: 4/4
   528 | D:2      | Found a stormy altar of Qazlal.
   767 | D:2      | Gained mutation: Your natural rate of healing is unusually fast. [Vine Stalker growth]
   767 | D:2      | Reached XP level 4. HP: 24/24 MP: 5/5
  1109 | D:3      | Noticed Robin
  1124 | D:3      | Reached XP level 5. HP: 28/28 MP: 6/6
  1139 | D:3      | Killed Robin
  1139 | D:3      | Reached skill level 3 in Long Blades
  2569 | D:4      | Reached XP level 6. HP: 30/32 MP: 7/7
  3135 | D:4      | Reached skill level 4 in Long Blades
  3192 | D:5      | Entered Level 5 of the Dungeon
  3210 | D:5      | Noticed Edmund
  3221 | D:5      | Killed Edmund
  3221 | D:5      | Reached XP level 7. HP: 24/36 MP: 4/8
  3324 | D:5      | Found a snail-covered altar of Cheibriados.
  3329 | D:5      | Found a glowing golden altar of the Shining One.
  3332 | D:5      | Found an opulent altar of Gozag.
  3341 | D:5      | Found a stormy altar of Qazlal.
  3391 | D:5      | Reached skill level 5 in Long Blades
  3737 | D:5      | HP: 1/36 [orc priest/divine providence (14)]
  3848 | D:5      | Reached skill level 1 in Stealth
  3848 | D:5      | Gained mutation: You have razor-sharp teeth. [Vine Stalker growth]
  3848 | D:5      | Reached XP level 8. HP: 38/41 MP: 9/9
  4016 | D:5      | Reached skill level 1 in Dodging
  4022 | D:5      | Reached skill level 6 in Long Blades
  4387 | D:5      | Reached skill level 5 in Shields
  4398 | D:6      | Found Faweiban's General Store.
  4434 | D:6      | Noticed Duvessa
  4437 | D:6      | Noticed Dowan
  4440 | D:6      | Noticed Sigmund
  4442 | D:6      | Killed Duvessa
  4447 | D:6      | Killed Dowan
  4452 | D:6      | Killed Sigmund
  4452 | D:6      | Reached skill level 7 in Long Blades
  4452 | D:6      | Reached skill level 5 in Armour
  4452 | D:6      | Reached XP level 9. HP: 42/45 MP: 10/10
  4475 | D:6      | Found a shadowy altar of Dithmenos.
  4545 | D:6      | Noticed Prince Ribbit
  4565 | D:6      | Killed Prince Ribbit
  4648 | D:6      | Found a shattered altar of Ashenzari.
  4922 | D:6      | Found a stormy altar of Qazlal.
  5344 | D:7      | Reached skill level 8 in Long Blades
  5418 | D:7      | Found a staircase to the Ecumenical Temple.
  5425 | Temple   | Entered the Ecumenical Temple
  5443 | Temple   | Became a worshipper of Warmaster Okawaru
  6002 | D:7      | Found a basalt altar of Yredelemnul.
  6011 | D:7      | Reached * piety under Okawaru
  6042 | D:7      | Reached XP level 10. HP: 50/51 MP: 11/11
  6071 | D:7      | Reached skill level 1 in Invocations
  6737 | D:8      | Reached skill level 5 in Fighting
  6976 | D:8      | Reached ** piety under Okawaru
  7052 | D:9      | Noticed Erolcha
  7065 | D:8      | Reached skill level 9 in Long Blades
  7276 | D:9      | Killed Erolcha
  7276 | D:9      | Reached *** piety under Okawaru
  7435 | D:9      | Found a hazy altar of Hepliaklqana.
  7540 | D:9      | Noticed a hill giant
  7550 | D:9      | Killed a hill giant
  7550 | D:9      | Reached XP level 11. HP: 37/56 MP: 12/12
  7737 | D:9      | Reached **** piety under Okawaru
  7863 | D:10     | Entered Level 10 of the Dungeon
  7964 | D:10     | Found Mubbom's Assorted Antiques.
  7995 | D:10     | Found a staircase to the Lair.
  8065 | D:10     | Reached skill level 10 in Long Blades
  8333 | D:10     | Found a glowing golden altar of the Shining One.
  8485 | D:10     | Noticed a hill giant
  8491 | D:10     | Killed a hill giant
  8491 | D:10     | Reached ***** piety under Okawaru
  8523 | Lair:1   | Entered Level 1 of the Lair of Beasts
  8668 | Lair:1   | Noticed a four-headed hydra
  8710 | Lair:1   | Noticed a four-headed hydra
  9067 | D:10     | Killed a 13-headed hydra
  9067 | D:10     | Received a gift from Okawaru
  9162 | Lair:1   | Killed a nine-headed hydra
  9235 | Lair:1   | Gained mutation: You heal very quickly. [Vine Stalker growth]
  9235 | Lair:1   | Reached XP level 12. HP: 33/63 MP: 14/14
  9746 | Lair:2   | Reached skill level 11 in Long Blades
  9941 | Lair:2   | Found a hole to the Spider Nest.
 10065 | Lair:2   | Received a gift from Okawaru
 10149 | Lair:2   | Noticed Harold
 10165 | Lair:2   | Killed Harold
 10431 | Lair:3   | Gained mutation: You are frail. (-10% HP) [potion of mutation]
 10431 | Lair:3   | Gained mutation: Armour fits poorly on your strangely shaped body. [potion of mutation]
 10433 | Lair:3   | Lost mutation: Armour fits poorly on your strangely shaped body. [potion of mutation]
 10433 | Lair:3   | Gained mutation: Your movements are slightly less encumbered by armour. (ER -2) [potion of mutation]
 10434 | Lair:3   | Gained mutation: You regenerate. [potion of mutation]
 10434 | Lair:3   | Gained mutation: You passively map a small area around you. [potion of mutation]
 10434 | Lair:3   | Gained mutation: You expend magic power (3 MP) to strengthen your wands. [potion of mutation]
 10435 | Lair:3   | Gained mutation: You possess an exceptional clarity of mind. [potion of mutation]
 10533 | Lair:3   | Noticed Gastronok
 10556 | Lair:3   | Killed Gastronok
 10556 | Lair:3   | Reached skill level 10 in Shields
 11211 | Lair:4   | Reached ****** piety under Okawaru
 11214 | Lair:4   | Received a gift from Okawaru
 11391 | Lair:4   | Reached XP level 13. HP: 63/63 MP: 15/15
 11404 | Lair:4   | Reached skill level 12 in Long Blades
 11420 | Lair:4   | Received a gift from Okawaru
 11969 | Lair:5   | Received a gift from Okawaru
 11996 | Lair:5   | Got a jewelled chain mail {god gift}
 12007 | Lair:5   | Identified the +6 chain mail of Darkness {rElec rCorr Int+2} (Okawaru gifted it to you on level 5 of the Lair of Beasts)
 12068 | Lair:5   | Lost mutation: You expend magic power (3 MP) to strengthen your wands. [potion of cure mutation]
 12068 | Lair:5   | Lost mutation: You are frail. (-10% HP) [potion of cure mutation]
 12068 | Lair:5   | Lost mutation: Your movements are slightly less encumbered by armour. (ER -2) [potion of cure mutation]
 12497 | Lair:6   | Entered Level 6 of the Lair of Beasts
 12529 | Lair:6   | Reached skill level 10 in Fighting
 12628 | Lair:6   | Received a gift from Okawaru
 12751 | Lair:6   | Found a staircase to the Slime Pits.
 12824 | Lair:6   | Reached XP level 14. HP: 57/77 MP: 13/16
 12882 | Lair:6   | Noticed a death cob
 12882 | Lair:6   | an oklob plant changed into a death cob
 12902 | Lair:6   | HP: 3/115 [death cob (10)]
 12903 | Lair:6   | HP: 1/115 [death cob (4)]
 12904 | Lair:6   | Slain by a death cob

Skill      XL: |  1  2  3  4  5  6  7  8  9 10 11 12 13 |
---------------+----------------------------------------+-----
Shields        | 3 4 5 6 7 9 10 11 | 11.6
Long Blades    | 2 3 4 5 7 8 9 10 11 12 | 12.5
Fighting       | 3 4 6 7 9 10 | 10.3
Armour         | 3 4 5 6 7 8 |  8.8
Stealth        | 1 |  1.0
Dodging        | 1 2 |  2.2
Invocations    | 1 |  1.9

Action                   |  1- 3 |  4- 6 |  7- 9 | 10-12 | 13-15 || total
-------------------------+-------+-------+-------+-------+-------++-------
Melee: Long sword        |    90 |   169 |   419 |   795 |   407 ||  1880
       Bite              |    36 |    55 |   145 |   328 |   216 ||   780
Invok: Heroism           |       |       |       |    11 |     4 ||    15
Evoke: Wand              |       |       |       |     2 |    13 ||    15
  Use: Scroll            |     4 |     4 |     3 |     9 |     6 ||    26
       Potion            |       |     1 |     2 |     5 |     4 ||    12
  Eat: Bread ration      |       |     1 |     1 |     1 |       ||     3
       Beef jerky        |       |     1 |     1 |       |     1 ||     3
       Fruit             |       |     3 |     2 |     6 |     6 ||    17
       Meat ration       |       |       |     1 |     1 |       ||     2
Armor: Scale mail        |    39 |    33 |       |       |       ||    72
       Plate armour      |       |    46 |   225 |   402 |   118 ||   791
       Chain mail        |       |       |       |       |   107 ||   107
       Skin              |       |       |       |       |    11 ||    11
Dodge: Dodged            |    20 |    40 |    67 |   177 |   134 ||   438
Block: Shield            |    58 |    92 |   260 |   549 |   349 ||  1308
       Rpst.: Long sword |     6 |    11 |    26 |    53 |    31 ||   127
